 Dungeon Crawl Stone Soup version 0.22-a0-803-gd6d8abe (webtiles) character file.

21020 vierth the Severer (level 12, -1/106 HPs)
             Began as a Hill Orc Fighter on July 22, 2018.
             Was a High Priest of Trog.
             Slain by a tengu reaver
             ... wielding a +1 great sword of holy wrath
              (2 damage)
             ... on level 11 of the Dungeon.
             The game lasted 00:41:34 (15367 turns).

vierth the Severer (Hill Orc Fighter)              Turns: 15367, Time: 00:41:35

Health: -1/106     AC: 24    Str: 24    XL:     12   Next: 85%
Magic:  12/12      EV:  7    Int:  8    God:    Trog [*****.]
Gold:   1037       SH:  2    Dex: 10    Spells: 11/11 levels left

rFire    . . .     SeeInvis +   F - +3 battleaxe
rCold    . . .     Gourm    .   (shield currently unavailable)
rNeg     . . .     Faith    .   w - +0 plate armour
rPois    .         Spirit   .   D - +0 helmet {SInv}
rElec    +         Reflect  +   (no cloak)
rCorr    +         Harm     .   u - +1 pair of gloves
MR       .....                  (no boots)
Stlth    ..........             x - +2 amulet of reflection
HPRegen  0.27/turn              H - +5 ring of protection
MPRegen  0.13/turn              t - ring of Kass {rCorr +Fly rElec}

@: berserk cooldown, slowed, very slow
A: no striking features
a: Berserk, Trog's Hand, Brothers in Arms, Renounce Religion, Evoke Flight


You were on level 11 of the Dungeon.
You worshipped Trog.
Trog was extremely pleased with you.
You were near starving.

You visited 2 branches of the dungeon, and saw 12 of its levels.
You also visited: Sewer.

You collected 1037 gold pieces.

Inventory:

Hand Weapons
 o - a +3 flail
 F - a +3 battleaxe (weapon)
Missiles
 b - 16 tomahawks (quivered)
Armour
 u - a +1 pair of gloves (worn)
 w - a +0 plate armour (worn)
 D - a +0 helmet of see invisible (worn)
Jewellery
 m - an uncursed ring of positive energy
 t - the ring of Kass (right hand) {rCorr +Fly rElec}
   (You found it in a sewer)

   [ring of resist corrosion]

   It insulates you from electricity.
   It lets you fly.
 x - a +2 amulet of reflection (around neck)
 H - a +5 ring of protection (left hand)
Wands
 B - a wand of iceblast (21)
 M - a wand of enslavement (15)
 N - a wand of disintegration (8)
Scrolls
 a - a scroll of random uselessness {unknown}
 c - a scroll of fear {unknown}
 g - 8 scrolls of remove curse
 i - 2 scrolls of enchant armour
 j - 5 scrolls of identify
 k - 2 scrolls of enchant weapon {unknown}
 l - 3 scrolls of immolation
 r - 3 scrolls of magic mapping
 s - 3 scrolls of silence {unknown}
 y - a scroll of noise
 K - a scroll of blinking {unknown}
 O - a scroll of teleportation
Potions
 d - a potion of might
 e - 4 potions of curing
 h - 3 potions of invisibility
 n - a potion of magic {unknown}
 p - a potion of lignification
 q - 4 potions of degeneration {unknown}
 v - 2 potions of agility
 z - a potion of berserk rage
 A - 5 potions of heal wounds {unknown}
 C - 3 potions of ambrosia
 E - a potion of mutation {unknown}
 G - 3 potions of haste
 I - 2 potions of cancellation {unknown}
 L - a potion of flight {unknown}
Miscellaneous
 J - a sack of spiders
Comestibles
 f - 12 rations


   Skills:
 - Level 10.0 Fighting
 + Level 19.7 Axes
 + Level 11.7 Armour
   Level 3.2 Shields


You had 11 spell levels left.
You didn't know any spells.
Your spell library contained the following spells:

 Spells                   Type           Power        Failure   Level  Hunger
 Cause Fear               Hex            #.........   100%        4    #####..
 Deflect Missiles         Chrm/Air       #.........   100%        6    #######
 Silence                  Hex/Air        #.........   100%        5    ######.
 Discord                  Hex            #.........   100%        8    #######
 Yara's Violent Unravell  Hex/Tmut       #.........   100%        5    ######.


Dungeon Overview and Level Annotations

Branches:
Dungeon (11/15)            Temple (1/1) D:5            Lair (0/6) D:11
    Orc (0/2) D:9

Altars:
Ashenzari
Cheibriados
Dithmenos
Elyvilon
Fedhas
Gozag
Hepliaklqana
Kikubaaqudgha
Makhleb
Nemelex Xobeh
Okawaru
Qazlal
Ru
Sif Muna
Trog
Uskayaw
Vehumet
Wu Jian
Xom
Yredelemnul
Zin
The Shining One

Shops:
D:8 ?   D:9 }   D:11 %

Annotations:
D:6 Prince Ribbit
D:7 exclusion: statue


Message History

You are exhausted.
You feel yourself slow down.
You hit the tengu reaver but do no damage.
The tengu reaver is almost dead.
The tengu reaver casts a spell at you. The bolt of magma hits you!
* * * LOW HITPOINT WARNING * * *
The battlesphere fires!
The barrage of energy hits you!
* * * LOW HITPOINT WARNING * * *
An ettin comes into view. It is wielding two dire flails.
You hit the tengu reaver.
The tengu reaver is almost dead.
The tengu reaver points at you and mumbles some strange words.
The bolt of magma hits you!
* * * LOW HITPOINT WARNING * * *
The battlesphere fires!
The barrage of energy hits you!
You completely miss the tengu reaver.
The tengu reaver is almost dead.
The tengu reaver hits you with a great sword of holy wrath.
You die...

####### #....†#########
#....†........# #..##########.#
#..#..#Q@#..#.# ########
#########..#.*'(('..#.# #......#
#..........##'####C##.## #......#
#..........#..# 8.#..# #......#
...........#..# 8#..# #......#
#..........##'# ##..# #......#
...<.......#..# #..###.......
...........#..# #.[..........
.....#####.#'########.####.......


You could see a tengu reaver, an ettin and a battlesphere.

Vanquished Creatures
  A stone giant (D:11)
  2 hydras (D:11)
  3 two-headed ogres
  An unseen horror (D:11)
  Pikel (D:7)
  2 ugly things (D:11)
  A cyclops (D:11)
  A manticore (D:11)
  Joseph (D:7)
  A gargoyle (D:11)
  3 trolls
  Grinder (D:3)
  7 hippogriffs
  A shadow (D:11)
  15 yaks
  3 wyverns (D:11)
  A wraith (D:8)
  A vampire (D:10)
  A human (D:7)
  4 hogs (D:7)
  A steam dragon (D:11)
  Menkaure (D:6)
  A water moccasin (D:10)
  5 sky beasts
  5 orc warriors
  A slave (D:7)
  An ice beast (D:7)
  3 black bears
  A hornet zombie (D:8)
  4 eyes of draining
  2 ogres
  A necrophage (D:8)
  14 centaurs
  A crocodile (D:11)
  4 big kobolds (D:4)
  A wyvern zombie (D:11)
  10 bullfrogs
  4 jellies
  2 wyvern skeletons (D:11)
  4 scorpions
  16 killer bees
  6 wights
  A howler monkey (D:5)
  A centaur zombie (D:9)
  5 crimson imps
  6 human zombies (D:8)
  3 orc priests
  6 hounds
  A centaur skeleton (D:4)
  2 human skeletons
  5 iguanas
  Natasha (D:3)
  11 orc wizards
  7 worker ants
  A killer bee zombie (D:7)
  An ogre skeleton (D:8)
  2 hound zombies (D:11)
  2 hound skeletons (D:5)
  A mummy (D:8)
  A worker ant zombie (D:7)
  16 adders
  6 gnolls
  A howler monkey skeleton (D:6)
  2 river rats (D:4)
  2 shadow imps
  An ooze (D:5)
  An adder skeleton (D:5)
  A worm (D:2)
  A dart slug (D:3)
  8 leopard geckos
  40 orcs
  13 bats
  5 giant cockroaches
  4 goblins
  10 hobgoblins
  11 jackals
  9 quokkas
  6 ball pythons
  9 frilled lizards
  2 gnoll zombies (D:4)
  A jackal zombie (D:5)
  49 kobolds
  11 rats
405 creatures vanquished.

Vanquished Creatures (others)
  A centaur (D:6)
1 creature vanquished.

Grand Total: 406 creatures vanquished

Notes
Turn   | Place    | Note
-------+----------+-------------------------------------------
     0 | D:1      | vierth the Hill Orc Fighter began the quest for the Orb.
     0 | D:1      | Reached XP level 1. HP: 19/19 MP: 1/1
     9 | D:1      | Reached skill level 3 in Axes
    65 | D:1      | Reached XP level 2. HP: 26/26 MP: 2/2
   173 | D:1      | Reached skill level 4 in Axes
   768 | D:2      | Reached XP level 3. HP: 31/31 MP: 3/3
   814 | D:2      | Found a sparkling altar of Nemelex Xobeh.
   990 | D:2      | Reached skill level 5 in Axes
  1370 | D:3      | Reached skill level 6 in Axes
  1370 | D:3      | Reached XP level 4. HP: 30/39 MP: 4/4
  1516 | D:3      | Found a stormy altar of Qazlal.
  1561 | D:3      | Noticed a black bear
  1571 | D:3      | Killed a black bear
  1571 | D:3      | Reached skill level 7 in Axes
  1571 | D:3      | Reached XP level 5. HP: 21/45 MP: 5/5
  1761 | D:3      | Noticed Grinder
  1834 | D:3      | Paralysed by Grinder for 7 turns
  1846 | D:3      | Killed Grinder
  1846 | D:3      | Reached skill level 9 in Axes
  1846 | D:3      | Reached XP level 6. HP: 37/51 MP: 6/6
  2168 | D:3      | Noticed Natasha
  2174 | D:3      | Killed Natasha
  2377 | D:4      | Reached XP level 7. HP: 57/57 MP: 7/7
  2440 | D:4      | Found a glowing drain.
  2464 | Sewer    | Entered a sewer
  2480 | Sewer    | Reached skill level 10 in Axes
  2942 | Sewer    | Got a smoking steel ring
  3151 | D:4      | Identified the ring of Kass {rCorr +Fly rElec} (You found it in a sewer)
  3165 | D:4      | Noticed a human
  3166 | D:4      | Found a runed door.
  3178 | D:4      | Found a basalt altar of Yredelemnul.
  3413 | D:4      | Reached skill level 11 in Axes
  3655 | D:4      | Reached XP level 8. HP: 60/64 MP: 8/8
  3695 | D:4      | Reached skill level 12 in Axes
  4312 | D:4      | Found a basalt altar of Yredelemnul.
  4599 | D:5      | Entered Level 5 of the Dungeon
  5287 | D:5      | Found a staircase to the Ecumenical Temple.
  5293 | Temple   | Entered the Ecumenical Temple
  5434 | Temple   | Became a worshipper of Trog the Wrathful
  5538 | D:6      | Noticed Menkaure
  5700 | D:6      | Killed Menkaure
  5700 | D:6      | Reached skill level 13 in Axes
  5700 | D:6      | Reached skill level 5 in Fighting
  6007 | D:6      | Reached XP level 9. HP: 69/74 MP: 9/9
  6503 | D:6      | Noticed Prince Ribbit
  7524 | D:7      | Reached skill level 14 in Axes
  7853 | D:7      | Noticed Joseph
  7868 | D:7      | Reached * piety under Trog
  7882 | D:7      | Killed Joseph
  7882 | D:7      | Reached XP level 10. HP: 32/90 MP: 10/10
  8154 | D:7      | Reached skill level 15 in Axes
  8721 | D:7      | Noticed a two-headed ogre
  8757 | D:7      | Found a radiant altar of Vehumet.
  8770 | D:7      | Killed a two-headed ogre
  8770 | D:7      | Reached skill level 10 in Fighting
  9214 | D:7      | Noticed Pikel
  9224 | D:7      | Killed Pikel
  9224 | D:7      | Reached skill level 16 in Axes
  9828 | D:8      | Found Vuun's Magic Scroll Shoppe.
  9855 | D:8      | Found a shadowy altar of Dithmenos.
 10672 | D:8      | Reached ** piety under Trog
 10962 | D:8      | Found an ancient bone altar of Kikubaaqudgha.
 10974 | D:8      | Reached skill level 5 in Armour
 11160 | D:9      | Noticed a two-headed ogre
 11166 | D:9      | Killed a two-headed ogre
 11166 | D:9      | Reached XP level 11. HP: 99/99 MP: 11/11
 11169 | D:9      | Reached skill level 17 in Axes
 11546 | D:9      | Found Numuk's Gadget Boutique.
 11659 | D:9      | Reached *** piety under Trog
 11816 | D:9      | Found a staircase to the Orcish Mines.
 11913 | D:9      | Found a blossoming altar of Fedhas.
 12161 | D:10     | Entered Level 10 of the Dungeon
 12318 | D:10     | Reached **** piety under Trog
 12897 | D:10     | Reached skill level 18 in Axes
 13448 | D:11     | Noticed an unseen horror
 13460 | D:11     | Killed an unseen horror
 13471 | D:11     | Found Zuicof's Food Boutique.
 13505 | D:11     | Found a runed door.
 13520 | D:11     | Noticed a seven-headed hydra
 13520 | D:11     | Noticed a manticore
 13529 | D:11     | Noticed a red ugly thing
 13537 | D:11     | Reached XP level 12. HP: 35/106 MP: 12/12
 13830 | D:11     | Reached ***** piety under Trog
 13856 | D:11     | Found a staircase to the Lair.
 13943 | D:11     | Reached skill level 10 in Armour
 14217 | D:11     | Killed a seven-headed hydra
 14217 | D:11     | Reached skill level 19 in Axes
 14921 | D:11     | Noticed a two-headed ogre
 14929 | D:11     | Killed a two-headed ogre
 15040 | D:11     | Noticed a seven-headed hydra
 15052 | D:11     | Killed a seven-headed hydra
 15345 | D:11     | Noticed a stone giant
 15345 | D:11     | Noticed a tengu reaver
 15352 | D:11     | Killed a stone giant
 15365 | D:11     | Noticed an ettin
 15366 | D:11     | HP: 1/106 [tengu reaver/bolt of magma (13)]
 15367 | D:11     | Slain by a tengu reaver

Vault maps used:
D:1:      erik_arrival_blinker_ship
D:2:      first_ration, nemelex_spade_bored_becter
D:3:      grunt_qazlal_sundering, uniq_natasha, uniq_grinder
D:4:      minmay_goblin_kobold_castle, lemuel_zombie_altar_yredelemnul,
          serial_co_window_serial, co_window_corner_a, co_window_paths_a,
          co_window_paths_a, co_window_corner_a, co_window_corner_a,
          co_window_corner_b, co_window_of_opportunity_c, co_window_corner_cb,
          co_window_unsneaky_path_d, co_window_of_opportunity_b,
          glass_columns_a, glass_columns_c, portal_sewer_entry_c,
          dk_yredelemnul_ordeal
D:5:      minmay_temple_entry_enclosed_plants, minivault_27
D:6:      uniq_menkaure, uniq_prince_ribbit1
D:7:      kennysheep_spiral_hall, vehumet_statue, grunt_livestock,
          minmay_misc_feat_tiny, uniq_joseph, uniq_pikel
D:8:      lemuel_mausoleum_altar_kikubaaqudgha, serial_shops, shop,
          nicolae_dithmenos_shadow_blocks
D:9:      lemuel_crystal_altar, david_orc_2, serial_shops, shop
D:11:     minmay_the_grid_octo_tiled_squarecenter_mashed, lair_entry_dummy,
          serial_shops, shop, minivault_13
Temple:   compressed_dpeg_circular_temple
Sewer:    sewer_frog_island_01

Skill      XL: |  1  2  3  4  5  6  7  8  9 10 11 12 |
---------------+-------------------------------------+-----
Axes           | 3 4 6 7 9 11 13 14 16 18 19 | 19.7
Fighting       | 5 8 10 | 10.0
Armour         | 6 9 11 | 11.7
Shields        | |  3.2

Action                   |  1- 3 |  4- 6 |  7- 9 | 10-12 || total
-------------------------+-------+-------+-------+-------++-------
Melee: War axe           |   144 |    70 |   490 |    39 ||   743
       Battleaxe         |       |       |       |   626 ||   626
       Flail             |       |       |       |    25 ||    25
Throw: Tomahawk          |       |       |       |     2 ||     2
Invok: Berserk           |       |       |       |     6 ||     6
  Use: Scroll            |     3 |     1 |     5 |    10 ||    19
  Eat: Chunk             |     2 |     1 |     3 |     4 ||    10
       Ration            |       |     1 |     4 |     7 ||    12
Armor: Scale mail        |    92 |    36 |   169 |    17 ||   314
       Plate armour      |       |       |       |   401 ||   401
Dodge: Dodged            |    46 |    29 |   127 |   220 ||   422
Block: Shield            |   101 |    47 |   208 |    14 ||   370
       Reflection        |       |       |     4 |     3 ||     7
       Other             |       |       |       |    50 ||    50

Table legend:
 A = Spawn XP
 B = Non-spawn XP
 C = Spawn XP percentage of total XP
 D = Spawn monster count
 E = Non-spawn monster count
 F = Spawn count percentage of total count
 G = Total turns spent on level
                    A         B        C        D         E        F      G
               +---------+---------+-------+---------+---------+-------+---------
         Total |       0 |   30029 |   0.0 |       0 |     405 |   0.0 | 15367
               +---------+---------+-------+---------+---------+-------+---------
           D:1 |       0 |      33 |   0.0 |       0 |      21 |   0.0 |   765
           D:2 |       0 |      37 |   0.0 |       0 |      19 |   0.0 |   579
           D:3 |       0 |     546 |   0.0 |       0 |      24 |   0.0 |  1011
           D:4 |       0 |     846 |   0.0 |       0 |      74 |   0.0 |  1558
           D:5 |       0 |     195 |   0.0 |       0 |      12 |   0.0 |  1007
           D:6 |       0 |     656 |   0.0 |       0 |      16 |   0.0 |  1663
           D:7 |       0 |    4656 |   0.0 |       0 |      36 |   0.0 |  2232
           D:8 |       0 |    1680 |   0.0 |       0 |      31 |   0.0 |  1446
           D:9 |       0 |    3509 |   0.0 |       0 |      54 |   0.0 |  1039
          D:10 |       0 |    3880 |   0.0 |       0 |      32 |   0.0 |  1190
          D:11 |       0 |   13743 |   0.0 |       0 |      68 |   0.0 |  2016
         Sewer |       0 |     248 |   0.0 |       0 |      18 |   0.0 |   686
               +---------+---------+-------+---------+---------+-------+---------
